 Dungeon Crawl Stone Soup version 0.31-a0-845-g9abc20d24f (webtiles) character file.

Game seed: 3162098370002931248

50 ipx the Chopper (level 3, -3/19 HPs)
             Began as a Vine Stalker Fighter on Oct 1, 2023.
             Killed by nerve-wracking pain
             ... invoked by Jessica
              (12 damage)
             ... on level 2 of the Dungeon.
             The game lasted 00:05:16 (487 turns).

ipx the Chopper (Vine Stalker Fighter)               Turns: 487, Time: 00:05:17

Health: -3/19      AC: 10    Str: 20    XL:     3   Next: 79%
Magic:  0/4        EV:  9    Int:  8    God:
Gold:   81         SH:  4    Dex: 13    Spells: 2/2 levels left

rFire   . . .        a - +0 war axe
rCold   . . .        c - +0 buckler
rNeg    . . .        b - +0 scale mail
rPois   .            (no helmet)
rElec   .            (no cloak)
rCorr   .            (no gloves)
SInv    .            (no boots)
Will    .....        (no amulet) Stlth
                     p - +4 ring of protection
HPRegen 1.03/turn    (no ring)
MPRegen 0.09/turn

%: guardian spirit
@: no status effects
A: fangs 2, regeneration 1, magic shield, antimagic bite, no potion heal 2
a: no special abilities


You were on level 2 of the Dungeon.
You visited 1 branch of the dungeon, and saw 2 of its levels.

You collected 81 gold pieces.

Inventory:

Hand Weapons
 a - a +0 war axe (weapon)
Armour
 b - a +0 scale mail (worn)
 c - a +0 buckler (worn)
Jewellery
 p - a +4 ring of protection (left hand)
 H - an amulet of faith
Scrolls
 e - a scroll of teleportation {unknown}
 g - a scroll of blinking {unknown}
 h - 2 scrolls of identify {unknown}
 i - a scroll of vulnerability {unknown}
 j - a scroll of immolation {unknown}
Potions
 d - a potion of might
 f - 3 potions of curing {unknown}


   Skills:
 - Level 2.6 Fighting
 + Level 3.6 Axes
 - Level 2.4 Armour
 - Level 2.6 Shields


You had 2 spell levels left.
You didn't know any spells.
Your spell library was empty.

Dungeon Overview and Level Annotations

Branches:
Dungeon (2/15)

Altars:

Annotations:
D:2 Jessica


Innate Abilities, Weirdness & Mutations

You have extremely sharp teeth.
Your natural rate of healing is unusually fast.
When hurt, damage is shared between your health and your magic reserves.
Your bite disrupts and absorbs the magic of your enemies.
Potions cannot restore your health.


Message History

Found a club.
A hobgoblin comes into view.
Found a scroll labelled ZYLEYF KIWNAJ.
The hobgoblin shouts!
You hear a shout!
The bat hits you but does no damage. You block the kobold's attack.
You hit the bat.
You kill the bat!
You hit the kobold. The kobold hits you but does no damage.
You hit the kobold. You bite the kobold.
You kill the kobold!
You closely miss the hobgoblin. Your bite misses the hobgoblin.
The hobgoblin hits you.
You slash the hobgoblin!
You kill the hobgoblin!
Press: ? - help, v - describe, . - travel, g - get item
Items here: a +0 falchion; 2 stones; 9 gold pieces.
The floor.
Found a viscous purple potion.
You now have 81 gold pieces (gained 9).
Things that are here:
a +0 falchion; 2 stones Jessica casts a spell.
Jessica blinks!
Jessica gestures at you while chanting. Pain shoots through your body!
You hit Jessica.
Jessica is moderately wounded.
Jessica points at you and mumbles some strange words.
Pain shoots through your body!
* * * LOW HITPOINT WARNING * * *
Jessica misses you.
You closely miss Jessica.
Jessica is moderately wounded.
Jessica casts a spell.
Jessica blinks!
Jessica gestures at you while chanting. Pain shoots through your body!
Ouch! That really hurt!
You die...

# #. ##.## ### ######### .....
#.########........
#..#.##..[....##.......<
##.....#.....#..#........
........@.....#..........
........@......#.........
........ยง......##<.......
................#.<......
.........................
.....?......)..##........
...............####...#.#
.....##...............## #.#...#
......#.................. #..#...
............[......)...#..##.##..


You could see Jessica.

Vanquished Creatures
  An adder (D:2)
  A dart slug (D:2)
  4 ball pythons
  3 bats (D:2)
  6 endoplasms
  A giant cockroach (D:1)
  5 goblins
  4 hobgoblins
  A kobold (D:2)
  3 quokkas
  2 frilled lizards
  A rat (D:1)
32 creatures vanquished.

Notes
Turn   | Place    | Note
-------+----------+-------------------------------------------
     0 | D:1      | ipx the Vine Stalker Fighter began the quest for the Orb.
     0 | D:1      | Reached XP level 1. HP: 11/11 MP: 2/2
   124 | D:1      | Reached skill level 2 in Axes
   144 | D:1      | Reached XP level 2. HP: 16/16 MP: 3/3
   227 | D:2      | Noticed Jessica
   233 | D:2      | Reached skill level 3 in Axes
   233 | D:2      | Reached XP level 3. HP: 19/19 MP: 4/4
   487 | D:2      | Killed from afar by Jessica

Illustrated notes

Levels and vault maps discovered:
D:1:      dpeg_arrival_circle_labyrinth_c, layout_basic
D:2:      layout_rooms, minmay_box_of_dots, uniq_terence, uniq_jessica

Skill      XL: |  1  2 |
---------------+-------+-----
Axes           | 2 3 |  3.6
Fighting       | |  2.6
Armour         | |  2.4
Shields        | |  2.6

Action                     || total
---------------------------++-------
  Melee: War axe           ||    63
         Bite              ||    11
 Armour: Scale mail        ||    64
  Dodge: Dodged            ||    45
  Block: Buckler           ||    22

Table legend: (Time is in decaauts)
 A = Elapsed time spent in this place.
 B = Non-inter-level travel time spent in this place.
 C = Inter-level travel time spent in this place.
 D = Time resting spent in this place.
 E = Time spent auto-exploring this place.
 F = Levels seen in this place.
 G = Mean time per level.
                   A        B        C        D        E       F      G
               +--------+--------+--------+--------+--------+-----+--------+
         Total |    512 |    512 |      0 |      0 |      0 |   2 |  256.0 |
       Dungeon |    512 |    512 |      0 |      0 |      0 |   2 |  256.0 |
               +--------+--------+--------+--------+--------+-----+--------+

Top non-repeatable levels by time:
     D:1: 370 daAuts
     D:2: 141 daAuts
